 Dungeon Crawl Stone Soup version 0.23-b1-6-ga921848b48 (webtiles) character file.

Game seed: 13986864505904761325

3018 Oravi the Carver (level 9, -4/90 HPs)
             Began as a Naga Warper on Feb 2, 2019.
             Was a Believer of Cheibriados.
             Slain by a killer bee (7 damage)
             ... on level 8 of the Dungeon.
             The game lasted 00:45:57 (10513 turns).

Oravi the Carver (Naga Warper)                     Turns: 10513, Time: 00:45:58

Health: -4/90      AC:  5    Str: 19    XL:     9   Next: 85%
Magic:  10/13      EV: 10    Int: 21    God:    Cheibriados [**....]
Gold:   357        SH:  0    Dex: 16    Spells: 5/12 levels left

rFire    . . .     SeeInvis +   a - +1 long sword
rCold    . . .     Gourm    .   (no shield)
rNeg     . . .     Faith    .   x - +1 leather armour
rPois    +         Spirit   .   (no helmet)
rElec    .         Reflect  .   (no cloak)
rCorr    +         Harm     .   (no gloves)
MR       +....                  (no barding)
Stlth    +.........             (no amulet)
HPRegen  0.25/turn              u - ring of resist corrosion
MPRegen  0.13/turn              (no ring)

@: lethally poisoned (-4 -> -7), very slow
A: large, see invisible, deformed body, poison resistance, slowness 2, slow
metabolism 1, spit poison 1, AC +3
a: Spit Poison, Bend Time, Renounce Religion


You were on level 8 of the Dungeon.
You worshipped Cheibriados.
Cheibriados was pleased with you.
You were hungry.

You visited 2 branches of the dungeon, and saw 9 of its levels.

You collected 357 gold pieces.

Inventory:

Hand Weapons
 a - a +1 long sword (weapon)
 b - a +0 hunting sling
 g - a cursed -1 whip
 t - a +0 dagger of speed
 D - a +0 falchion
 E - a +0 longbow
Missiles
 e - 2 tomahawks of dispersal (quivered)
 h - 6 tomahawks
 k - 400 stones
 n - 68 sling bullets
 o - 49 poisoned needles
 p - 127 arrows
 F - 14 javelins
Armour
 s - a +0 ring mail
 x - a +1 leather armour (worn)
 y - a +0 chain mail
Jewellery
 u - a ring of resist corrosion (left hand)
Wands
 A - a wand of scattershot (2)
 C - a wand of digging (6)
 G - a wand of paralysis (6)
Scrolls
 q - 2 scrolls of amnesia
 w - 6 scrolls of remove curse {@r2}
 H - 6 scrolls of teleportation {unknown}
 I - a scroll of fear {unknown}
 J - a scroll of immolation {unknown}
Potions
 c - 2 potions of flight
 j - a potion of haste
 l - a potion of magic
 m - a potion of brilliance
 v - 3 potions of cancellation
 z - a potion of might
 B - 2 potions of mutation {unknown}
Comestibles
 f - 18 rations


   Skills:
 + Level 8.4 Fighting
 + Level 9.0 Long Blades
 - Level 0.8 Throwing
 - Level 0.7 Armour
 - Level 1.5 Dodging
 - Level 2.0 Spellcasting
 - Level 4.0 Translocations
 + Level 5.7 Invocations


You had 5 spell levels left.
You knew the following spells:

 Your Spells              Type           Power        Failure   Level  Hunger
a - Blink                 Tloc           N/A          4%          2    ##.....
b - Shroud of Golubria    Chrm/Tloc      ##........   12%         2    ##.....
c - Gell's Gravitas       Tloc           ###.......   10%         3    ###....

Your spell library contained the following spells:

 Spells                   Type           Power        Failure   Level  Hunger
 Lesser Beckoning         Tloc           ###.......   10%         3    ###....
 Teleport Other           Tloc           ###.....     10%         3    ###....
 Passage of Golubria      Tloc           N/A          32%         4    #####..


Dungeon Overview and Level Annotations

Branches:
Dungeon (8/15)             Temple (1/1) D:6
   Lair: D:8-11

Altars:
Ashenzari
Cheibriados
Dithmenos
Fedhas
Gozag
Hepliaklqana
Kikubaaqudgha
Nemelex Xobeh
Sif Muna
Trog
Uskayaw
Xom
Zin

Shops:
D:4 (

Annotations:
D:5 3 runed translucent doors, Infinimo's ghost, novice MiBe; Morbidden's ghost, novice FoFi; Necrophagist's ghost, novice DEIE; Thargor's ghost, novice DsBe
D:6 Eustachio
D:7 1 exclusion
D:8 Grum


Innate Abilities, Weirdness & Mutations

You cannot wear boots.
Your serpentine skin is tough. (AC +3)
You have supernaturally acute eyesight. (SInv)
Armour fits poorly on your strangely shaped body.
Your system is resistant to poisons. (rPois)
You cover ground very slowly.
You have a slow metabolism.
You can spit poison.


Message History

The killer bee is almost dead.
You feel sick. The killer bee barely misses you. The killer bee stings you.
* * * LOW HITPOINT WARNING * * *
The killer bee closely misses you.
You riposte.
You hit the killer bee.
The killer bee is almost dead.
You hit the killer bee.
You kill the killer bee!
Cheibriados thoroughly appreciates the change of pace.
Your Long Blades skill increases to level 9!
The killer bee stings you but does no damage.
The killer bee barely misses you.
You miss the killer bee.
The killer bee is lightly wounded.
You feel sick. The killer bee stings you.
* * * LOW HITPOINT WARNING * * *
You slash the killer bee!
The killer bee is severely wounded.
* * * LOW HITPOINT WARNING * * *
You feel sick. The killer bee stings you!
You die...

.... ## ##.....
#.# ###.....#
##.. #.......#
###...##......##
#..............#
...............#
#..............#
......##..@....#
.#...$....y†...#
###...##.......#
#..# #.........
..Z# ##......#.
#... #..#####
#.. ..## .. .##


You could see a killer bee.

Vanquished Creatures
  A hornet (D:7)
  Grinder (D:5)
  Prince Ribbit (D:7)
  A hippogriff (D:7)
  Menkaure (D:7)
  An ice beast (D:6)
  A black bear (D:7)
  2 ogres
  A wolf (D:8)
  2 centaurs
  2 bullfrogs
  A wyvern skeleton (D:7)
  2 scorpions
  4 killer bees
  5 wights (D:7)
  A crimson imp (D:8)
  2 centaur skeletons
  A hound (D:4)
  2 jellies (D:7)
  A bullfrog skeleton (D:5)
  2 orc priests
  3 orc wizards
  4 iguanas
  6 worker ants
  A hound zombie (D:8)
  A hound skeleton (D:7)
  A howler monkey zombie (D:5)
  3 gnolls (D:6)
  A howler monkey skeleton (D:7)
  8 adders
  A shadow imp (D:5)
  2 oozes (D:3)
  4 worms
  3 dart slugs
  4 leopard geckos
  19 orcs
  A ball python (D:1)
  6 giant cockroaches
  6 goblins
  10 hobgoblins
  10 jackals
  3 kobolds
  5 quokkas
  9 bats
  8 frilled lizards
  6 rats
160 creatures vanquished.

Notes
Turn   | Place    | Note
-------+----------+-------------------------------------------
     0 | D:1      | Oravi the Naga Warper began the quest for the Orb.
     0 | D:1      | Reached XP level 1. HP: 19/19 MP: 3/3
   167 | D:1      | Reached XP level 2. HP: 26/26 MP: 5/5
   304 | D:1      | Reached skill level 3 in Long Blades
  1136 | D:2      | Reached XP level 3. HP: 22/32 MP: 6/6
  1242 | D:2      | Found a blossoming altar of Fedhas.
  1313 | D:2      | Learned a level 2 spell: Blink
  1316 | D:2      | Learned a level 2 spell: Shroud of Golubria
  1652 | D:2      | Found a bloodstained altar of Trog.
  2181 | D:3      | Reached XP level 4. HP: 39/40 MP: 7/7
  2374 | D:3      | Reached skill level 4 in Long Blades
  2731 | D:3      | Reached XP level 5. HP: 49/49 MP: 8/8
  3362 | D:3      | Found a faded altar of an unknown god.
  3844 | D:4      | Found a hide-covered altar of Uskayaw.
  4051 | D:4      | Noticed an ogre
  4070 | D:4      | Killed an ogre
  4070 | D:4      | Reached skill level 5 in Long Blades
  4070 | D:4      | Reached XP level 6. HP: 54/57 MP: 4/9
  4772 | D:4      | Found Nimn's Weapon Shoppe.
  4914 | D:5      | Entered Level 5 of the Dungeon
  5017 | D:4      | Learned a level 3 spell: Gell's Gravitas
  5114 | D:5      | Found a glowing silver altar of Zin.
  5280 | D:5      | Found a glowing silver altar of Zin.
  5613 | D:5      | Found a shattered altar of Ashenzari.
  5652 | D:5      | Found a runed translucent gate.
  5652 | D:5      | Found a runed translucent gate.
  5652 | D:5      | Found a runed translucent gate.
  5652 | D:5      | Noticed Infinimo's ghost (novice MiBe)
  5652 | D:5      | Noticed Necrophagist's ghost (novice DEIE)
  5653 | D:5      | Noticed Thargor's ghost (novice DsBe)
  5653 | D:5      | Noticed Morbidden's ghost (novice FoFi)
  5731 | D:5      | Reached XP level 7. HP: 39/66 MP: 10/10
  5898 | D:5      | Reached skill level 5 in Fighting
  6157 | D:5      | Noticed Grinder
  6191 | D:5      | Paralysed by Grinder for 4 turns
  6200 | D:5      | Paralysed by Grinder for 4 turns
  6205 | D:5      | Killed Grinder
  6205 | D:5      | Reached skill level 6 in Long Blades
  6789 | D:6      | Reached XP level 8. HP: 22/76 MP: 8/11
  7054 | D:6      | Reached skill level 7 in Long Blades
  7196 | D:6      | Found a staircase to the Ecumenical Temple.
  7202 | Temple   | Entered the Ecumenical Temple
  7224 | Temple   | Became a worshipper of Cheibriados the Contemplative
  7464 | D:6      | Reached skill level 1 in Invocations
  7667 | D:6      | Noticed Eustachio
  7938 | D:7      | Noticed a hornet
  7957 | D:7      | Killed a hornet
  7957 | D:7      | Reached * piety under Cheibriados
  8242 | D:7      | Reached XP level 9. HP: 27/86 MP: 12/12
  8528 | D:7      | Reached skill level 8 in Long Blades
  8849 | D:7      | Noticed Prince Ribbit
  8866 | D:7      | Killed Prince Ribbit
  9255 | D:7      | Reached skill level 5 in Invocations
  9389 | D:7      | Noticed Menkaure
  9729 | D:7      | Killed Menkaure
  9729 | D:7      | Reached ** piety under Cheibriados
 10246 | D:8      | Noticed Grum
 10511 | D:8      | Reached skill level 9 in Long Blades
 10512 | D:8      | HP: 3/90 [killer bee (5)]
 10513 | D:8      | Slain by a killer bee

Skill      XL: |  1  2  3  4  5  6  7  8  9 |
---------------+----------------------------+-----
Long Blades    | 3 4 5 6 7 9 |  9.0
Fighting       | 3 4 6 7 8 |  8.4
Invocations    | 3 5 |  5.7
Translocations | 4 |  4.0
Throwing       | |  0.8
Armour         | |  0.7
Dodging        | |  1.5
Spellcasting   | |  2.0

Action                   |  1- 3 |  4- 6 |  7- 9 || total
-------------------------+-------+-------+-------++-------
Melee: Falchion          |    80 |   115 |       ||   195
       Long sword        |       |    40 |   174 ||   214
 Fire: Hunting sling     |       |    85 |   128 ||   213
Throw: Stone             |    69 |     8 |       ||    77
       Tomahawk          |       |       |     3 ||     3
 Cast: Shroud of Golubri |       |    15 |    13 ||    28
       Blink             |       |     2 |    12 ||    14
       Gell's Gravitas   |       |       |     2 ||     2
Invok: Bend Time         |       |       |     1 ||     1
 Abil: Spit Poison       |     7 |    11 |    31 ||    49
  Use: Scroll            |     5 |     8 |     4 ||    17
       Potion            |       |       |     9 ||     9
  Eat: Chunk             |     3 |     8 |     7 ||    18
       Ration            |       |     1 |     2 ||     3
Armor: Leather armour    |    22 |    65 |    78 ||   165
Dodge: Dodged            |    49 |    91 |   158 ||   298
       Rpst.: Falchion   |    21 |    17 |       ||    38
       Long sword        |       |    11 |    43 ||    54
